[Event "*** Titled Tuesday Blitz"]
[Site "Chess.com"]
[Date "2018.01.02"]
[Round "1"]
[White "Markov_Mikhail"]
[Black "Goala"]
[Result "1-0"]
[WhiteElo "2557"]
[BlackElo "2274"]
[TimeControl "180+2"]
[EndTime "13:02:22 PST"]
[Termination "Markov_Mikhail won by resignation"]

1. c4 c5 2. Nf3 b6 3. g3 Bb7 4.
Bg2 Nf6 5. O-O e6 6. Nc3 a6 7. d4 cxd4 8. Qxd4 d6 9. Rd1 Qc7 10.
Bg5 Nbd7 11. Rac1 Be7 12. Qd2 O-O 13. Bf4 Rfd8 14. Bxd6 Bxd6 15. Qxd6 Qxc4 16. Ne5 Qc8 17.
Nd5 Nc5 18. Ne7+ 1-0

[Event "*** Titled Tuesday Blitz"]
[Site "Chess.com"]
[Date "2018.01.02"]
[Round "1"]
[White "TheFlaminGM"]
[Black "PrinceMurad09"]
[Result "1-0"]
[WhiteElo "2668"]
[BlackElo "2372"]
[TimeControl "180+2"]
[EndTime "13:03:02 PST"]
[Termination "TheFlaminGM won by resignation"]

1. e4 c5 2. Nc3 Nc6 3. Nge2 g6 4. d4 cxd4 5. Nxd4 Bg7 6. Be3 Nf6 7. Bc4 O-O 8. Bb3 d6 9. f3 Bd7 10. h4 h5 11. Qd2 Ne5 12. O-O-O Rc8 13. g4 Nc4 14. Bxc4 Rxc4 15. e5 dxe5 16. Nb3 hxg4 17. h5 Rc8 18. h6 Bh8 19. h7+ Nxh7 20. Qh2 1-0

[Event "*** Titled Tuesday Blitz"]
[Site "Chess.com"]
[Date "2018.01.02"]
[Round "1"]
[White "shepi13"]
[Black "nOcHeaTiNgKiD"]
[Result "1/2-1/2"]
[WhiteElo "1980"]
[BlackElo "2420"]
[TimeControl "180+2"]
[EndTime "13:03:41 PST"]
[Termination "Game drawn by agreement"]

1. d4 Nf6 2. c4 e6 3. Nf3 d5 4. Nc3 Be7 5. Bf4 O-O 6. e3 b6 7. Be2 Bb7 8. O-O Nbd7 9. Rc1 c5 10. cxd5 Nxd5 11. Nxd5 Bxd5 12. Ne5 Nxe5 13. Bxe5 cxd4 14. Bxd4 Bf6 15. Bc4 Bxd4 16. Qxd4 Bxc4 17. Rxc4 Qxd4 18. Rxd4 Rfd8 19. Rfd1 Rxd4 20. Rxd4 Rc8 21. g3 g6 22.
Rd7 Rc2 23. Rxa7 Rxb2 24. h4 h5 25. Kg2 Kg7 26. Rb7 1/2-1/2

[Event "*** Titled Tuesday Blitz"]
[Site "Chess.com"]
[Date "2018.01.02"]
[Round "1"]
[White "SanQui14"]
[Black "David_Klein"]
[Result "1-0"]
[WhiteElo "2198"]
[BlackElo "2467"]
[TimeControl "180+2"]
[EndTime "13:03:57 PST"]
[Termination "SanQui14 won on time"]

1. e4 c5 2. Nf3 d6 3. d4 cxd4 4. Qxd4 Nc6 5. Bb5 Bd7 6. Bxc6 bxc6 7. c4 e5 8. Qd3 Nf6 9. Nc3 Qc7 10. O-O Be7 11.
b3 Be6 12. Ba3 1-0

[Event "*** Titled Tuesday Blitz"]
[Site "Chess.com"]
[Date "2018.01.02"]
[Round "1"]
[White "AdrianaNikolova"]
[Black "GMAkobianSTL"]
[Result "0-1"]
[WhiteElo "2363"]
[BlackElo "2663"]
[TimeControl "180+2"]
[EndTime "13:04:00 PST"]
[Termination "GMAkobianSTL won by resignation"]

1. e4 d6 2. d4 Nf6 3. Nc3 c6 4. a4 Qc7 5. h3 e5 6. Be3 Be7 7. Nge2 O-O 8. g4 Re8 9. Bg2 Nbd7 10.
O-O Nf8 11. Ng3 Ng6 12. Nf5 Bf8 13. g5 Nxe4 14. Bxe4 d5 15. Nh6+ gxh6 16. Bxg6 hxg6 17. gxh6 Bxh3 18. Re1 e4 19. Qd2 Qd7 20. Bf4 Qg4+ 21.
Bg3 Qf3 22. h7+ Kxh7 0-1

[Event "*** Titled Tuesday Blitz"]
[Site "Chess.com"]
[Date "2018.01.02"]
[Round "1"]
[White "nickmatta"]
[Black "Margency"]
[Result "1-0"]
[WhiteElo "2229"]
[BlackElo "2488"]
[TimeControl "180+2"]
[EndTime "13:04:15 PST"]
[Termination "nickmatta won on time"]

1. d4 Nf6 2. c4 g6 3. Nc3 Bg7 4.
e4 d6 5. Nf3 O-O 6. Be2 e5 7.
O-O Nc6 8. d5 Ne7 9. b4 a5 10.
Ba3 Nd7 11. bxa5 Bh6 12. Nd2 Rxa5 13. Bb4 Ra6 14. Nb3 f5 15. c5 fxe4 16. Bxa6 bxa6 17. cxd6 1-0

[Event "*** Titled Tuesday Blitz"]
[Site "Chess.com"]
[Date "2018.01.02"]
[Round "1"]
[White "pastouche06"]
[Black "angieflynn"]
[Result "1-0"]
[WhiteElo "2425"]
[BlackElo "1871"]
[TimeControl "180+2"]
[EndTime "13:04:15 PST"]
[Termination "pastouche06 won by resignation"]

1. d4 f5 2. Bg5 Nf6 3. Bxf6 gxf6 4. e4 e6 5. Qh5+ Ke7 6. exf5 d5 7. fxe6 Bxe6 8.
Nd2 c5 9. O-O-O Qa5 10. Kb1 Nc6 11. Nb3 Qb4 12. c3 Qb6 13. Nxc5 Bf7 14. Re1+ 1-0

[Event "*** Titled Tuesday Blitz"]
[Site "Chess.com"]
[Date "2018.01.02"]
[Round "1"]
[White "Ar4uha"]
[Black "ViktorMatviishen"]
[Result "0-1"]
[WhiteElo "2464"]
[BlackElo "2214"]
[TimeControl "180+2"]
[EndTime "13:04:20 PST"]
[Termination "ViktorMatviishen won by resignation"]

1. e4 e5 2. Nf3 Nc6 3. d4 exd4 4.
Nxd4 Bc5 5. Be3 Qf6 6. c3 Nge7 7. g3 O-O 8. Bg2 d6 9. O-O Ne5 10. h3 N7c6 11. Nd2 Nd3 12. Nxc6 bxc6 13. Bxc5 Nxc5 14. Qc2 Ba6 15. c4 Rab8 16. b3 Ne6 17. Nf3 c5 18. Rfe1 Rfe8 19. e5 dxe5 20. Nxe5 Nd4 21. Qe4 Bb7 22.
Qf4 Bxg2 23. Kxg2 Qxf4 24. gxf4 Nc2 25. Nd7 Nxe1+ 26. Kf1 Nc2 27. Rc1 Rbd8 28. Nxc5 Nb4 0-1

[Event "*** Titled Tuesday Blitz"]
[Site "Chess.com"]
[Date "2018.01.02"]
[Round "1"]
[White "DrVelja"]
[Black "ChristopherYoo"]
[Result "1-0"]
[WhiteElo "2554"]
[BlackElo "2273"]
[TimeControl "180+2"]
[EndTime "13:04:24 PST"]
[Termination "DrVelja won by resignation"]

1. e4 c5 2. Nf3 d6 3. d4 cxd4 4.
Nxd4 Nf6 5. Nc3 a6 6. Bg5 Nbd7 7.
Bc4 e6 8. Qe2 Qc7 9. O-O-O b5 10. Bxe6 fxe6 11. Nxe6 Qb8 12. f4 b4 13. Nd5 Ra7 14. Rhe1 Kf7 15. Nd8+ Kg8 16. Qc4 g6 17. Nxf6+ 1-0

[Event "*** Titled Tuesday Blitz"]
[Site "Chess.com"]
[Date "2018.01.02"]
[Round "1"]
[White "TenisMaster"]
[Black "GMMelik"]
[Result "1-0"]
[WhiteElo "2685"]
[BlackElo "2381"]
[TimeControl "180+2"]
[EndTime "13:04:45 PST"]
[Termination "TenisMaster won by checkmate"]

1. e4 e5 2. Nf3 Nc6 3. Bb5 f5 4. Nc3 fxe4 5. Nxe4 Nf6 6. Nxf6+ Qxf6 7. Qe2 Be7 8. Bxc6 dxc6 9. Nxe5 Bf5 10. O-O O-O 11. d4 Bd6 12. c3 Rae8 13. Bf4 c5 14. Bg3 cxd4 15. cxd4 Be6 16. b3 Bd5 17. Rfe1 Qf5 18. Rac1 c6 19. Qd2 h5 20. h4 Re6 21. Re2 Bxe5 22.
Rxe5 Rxe5 23. Bxe5 Qe4 24. Qg5 Rf5 25. Qxg7# 1-0

[Event "*** Titled Tuesday Blitz"]
[Site "Chess.com"]
[Date "2018.01.02"]
[Round "1"]
[White "AnonymousBread"]
[Black "DanielNaroditsky"]
[Result "0-1"]
[WhiteElo "2416"]
[BlackElo "2813"]
[TimeControl "180+2"]
[EndTime "13:05:01 PST"]
[Termination "DanielNaroditsky won by resignation"]

1. d4 Nf6 2. Bf4 d6 3. Nc3 Nbd7 4. Nf3 g6 5. e4 Bg7 6. Bc4 O-O 7. O-O c6 8. a4 Qa5 9. h3 e5 10. Be3 exd4 11.
Nxd4 Re8 12. Nb3 Qc7 13. Bd3 Ne5 14. f4 Nxd3 15. cxd3 d5 16. e5 Nd7 17. Rc1 Qd8 18. Qf3 Nf8 19. Bc5 Ne6 20. Bd6 Qb6+ 0-1

[Event "*** Titled Tuesday Blitz"]
[Site "Chess.com"]
[Date "2018.01.02"]
[Round "1"]
[White "chessdjw"]
[Black "TrickyTrapChess"]
[Result "1-0"]
[WhiteElo "2524"]
[BlackElo "2244"]
[TimeControl "180+2"]
[EndTime "13:05:01 PST"]
[Termination "chessdjw won by resignation"]

1. Nf3 Nf6 2. g3 g6 3. Bg2 Bg7 4. d4 O-O 5. O-O d6 6. b3 Nbd7 7. Bb2 Re8 8. c4 c6 9. Nc3 Qc7 10. e4 e5 11. Re1 a6 12. Rc1 Rb8 13. c5 dxc5 14. dxe5 Ng4 15. Na4 Ngxe5 16. Nxe5 Nxe5 17. f4 Bg4 18. Bxe5 Bxe5 19. Qxg4 Bd4+ 20. Kh1 Qe7 21.
e5 b5 22. Nc3 Bxc3 23. Rxc3 Rbc8 24. Rec1 c4 25. bxc4 b4 26. Rd3 Red8 27. Rd6 c5 28. Rcd1 Rb8 29. Rd7 Rxd7 30. Qxd7 Qf8 31. Bd5 Rd8 32.
Qxd8 Qxd8 33. Bxf7+ Kxf7 34. Rxd8 Ke6 35. Rd6+ Kf5 36.
Rxa6 Ke4 37. e6 Kd4 38. e7 b3 39. e8=Q b2 40. Rd6+ Kc3 41. Qe3+ Kb4 42. Qb3+ 1-0

[Event "*** Titled Tuesday Blitz"]
[Site "Chess.com"]
[Date "2018.01.02"]
[Round "1"]
[White "eastside93"]
[Black "DiogenesSinopeus"]
[Result "0-1"]
[WhiteElo "1806"]
[BlackElo "2422"]
[TimeControl "180+2"]
[EndTime "13:05:06 PST"]
[Termination "DiogenesSinopeus won by resignation"]

1. e4 e5 2. Nf3 Nc6 3. Bb5 a6 4.
Ba4 d6 5. d4 b5 6. Bb3 Nxd4 7.
Nxd4 exd4 8. Bd5 Rb8 9. Qxd4 Bd7 10. a3 Nf6 11. Bg5 Be7 12. Be3 O-O 13. Nc3 a5 14. b4 c5 15. Qd2 cxb4 16. axb4 axb4 17. Ne2 Nxd5 18. exd5 Qc7 19. O-O Rfc8 20. Ra7 Rb7 21. Rfa1 Bf6 22. Rxb7 Qxb7 23. Ra7 Qb8 24. Rxd7 g6 25.
Bd4 Bxd4 26. Nxd4 Qa8 27. Nc6 Qa1+ 0-1

[Event "*** Titled Tuesday Blitz"]
[Site "Chess.com"]
[Date "2018.01.02"]
[Round "1"]
[White "BillForster"]
[Black "walkingcreep"]
[Result "0-1"]
[WhiteElo "1510"]
[BlackElo "2419"]
[TimeControl "180+2"]
[EndTime "13:05:17 PST"]
[Termination "walkingcreep won by resignation"]

1. d4 Nf6 2. c4 g6 3. Nc3 Bg7 4. e4 d6 5. Be2 O-O 6. g4 e5 7. d5 a5 8. h4 c6 9. g5 Ne8 10. h5 a4 11. Be3 Qa5 12. Qd2 Nd7 13.
h6 Bh8 14. f3 Nc5 15. Kf2 f5 16. Bxc5 Qxc5+ 17. Qe3 Qb4 18. Rb1 fxe4 19. Nxe4 Bf5 20.
Nh3 cxd5 21. cxd5 Bxe4 0-1

[Event "*** Titled Tuesday Blitz"]
[Site "Chess.com"]
[Date "2018.01.02"]
[Round "1"]
[White "theblitzchamp"]
[Black "aquiles88"]
[Result "1-0"]
[WhiteElo "2451"]
[BlackElo "2061"]
[TimeControl "180+2"]
[EndTime "13:05:21 PST"]
[Termination "theblitzchamp won by resignation"]

1. e4 Nf6 2. Nc3 d5 3. e5 Nfd7 4.
e6 fxe6 5. d4 c5 6. Nf3 Nc6 7.
Bb5 Nxd4 8. Nxd4 cxd4 9. Qxd4 a6 10. Be2 Nf6 11. Bg5 g6 12. O-O-O Bg7 13. Qe3 O-O 14. h4 b5 15. h5 b4 16. hxg6 bxc3 17. Bxf6 cxb2+ 18. Bxb2 Bxb2+ 19. Kxb2 Rb8+ 20. Kc1 Qa5 21. Rxh7 Qxa2 22. Rh8+ Kxh8 23. Qh6+ 1-0

[Event "*** Titled Tuesday Blitz"]
[Site "Chess.com"]
[Date "2018.01.02"]
[Round "1"]
[White "JordiQC"]
[Black "kikydu96"]
[Result "0-1"]
[WhiteElo "1859"]
[BlackElo "2424"]
[TimeControl "180+2"]
[EndTime "13:05:33 PST"]
[Termination "kikydu96 won by resignation"]

1. e4 e5 2. Nf3 Nc6 3. Bb5 Nf6 4.
O-O Nxe4 5. Re1 Nd6 6. Bxc6 dxc6 7. Nxe5 Be7 8. d4 O-O 9. Bf4 Nf5 10. c3 c5 11.
dxc5 Bxc5 12. Nd2 Be6 13. Ndf3 h6 14. h3 Qxd1 15. Raxd1 Rad8 16. Nd3 Bb6 17. a4 Bb3 18. Rd2 Bxa4 19. g4 Nd6 20. Nb4 Nc4 21. Rxd8 Rxd8 22.
Re7 a5 23. Na2 Bc6 24. Ne5 Rd1+ 25. Kh2 Nxe5 26. Bxe5 Bxf2 0-1

[Event "*** Titled Tuesday Blitz"]
[Site "Chess.com"]
[Date "2018.01.02"]
[Round "1"]
[White "hermionegrangermagic"]
[Black "DiamondCrusher22"]
[Result "0-1"]
[WhiteElo "2407"]
[BlackElo "1952"]
[TimeControl "180+2"]
[EndTime "13:05:58 PST"]
[Termination "DiamondCrusher22 won by checkmate"]

1. e4 e5 2. Nf3 Nc6 3. Bb5 Nf6 4. O-O Nxe4 5. d4 Nd6 6. Bxc6 dxc6 7. dxe5 Nf5 8. Qxd8+ Kxd8 9. Nc3 Ke8 10. h3 Be7 11. Bf4 Be6 12. Rad1 Rd8 13. Ne2 Bd5 14. Nd2 Kd7 15. c4 Be6 16. g4 Nh4 17. Bg3 Kc8 18.
f4 f5 19. Bxh4 Bxh4 20. g5 h6 21. g6 Be7 22. Nf3 Bxc4 23. Rxd8+ Rxd8 24. Re1 Rd3 25. Kf2 Bc5+ 26. Kg2 Bd5 27. Rf1 Rd2 28. Re1 Rxb2 29. Kg3 Bb4 30. Rd1 Rxe2 31. Nh4 Be1+ 32. Rxe1 Rxe1 33.
Nxf5 Kd7 34. Kf2 Ra1 35. Nxg7 Rxa2+ 36. Kg3 Rg2+ 37. Kh4 Rxg6 38. Nh5 Bf3 39. Nf6+ Rxf6 40. exf6 Ke6 41. f5+ Kxf6 42. Kg3 Bd5 43. Kf4 a5 44. h4 a4 45. Ke3 a3 46. Kd4 a2 47. Kc5 a1=Q 48. h5 Qc3# 0-1

[Event "*** Titled Tuesday Blitz"]
[Site "Chess.com"]
[Date "2018.01.02"]
[Round "1"]
[White "AkshatChandra"]
[Black "JammyDodger91"]
[Result "1-0"]
[WhiteElo "2671"]
[BlackElo "2376"]
[TimeControl "180+2"]
[EndTime "13:05:59 PST"]
[Termination "AkshatChandra won by resignation"]

1. d4 d5 2. Nf3 Nf6 3. Bf4 e6 4. e3 Bd6 5. Bg3 O-O 6. Nbd2 c5 7. c3 b6 8. Bd3 Bb7 9. Qe2 Nc6 10. Rd1 Re8 11. Bxd6 Qxd6 12. e4 dxe4 13. Nxe4 Nxe4 14. Bxe4 Qe7 15. dxc5 Qxc5 16. Rd7 Rab8 17. O-O Nd8 18. Rfd1 Bxe4 19. Qxe4 Nc6 20. h4 h6 21. Rc7 Rbc8 22. Rdd7 Rf8 23. Rxf7 1-0

[Event "*** Titled Tuesday Blitz"]
[Site "Chess.com"]
[Date "2018.01.02"]
[Round "1"]
[White "johnathan113"]
[Black "AljoschaFeuerstack"]
[Result "0-1"]
[WhiteElo "2403"]
[BlackElo "1781"]
[TimeControl "180+2"]
[EndTime "13:06:08 PST"]
[Termination "AljoschaFeuerstack won by resignation"]

1. e4 c5 2. Nf3 e6 3. d4 cxd4 4. Nxd4 Nf6 5. Nc3 Nc6 6. Ndb5 Bc5 7. Bf4 O-O 8. Bd6 Qb6 9. Bxc5 Qxc5 10. Qd6 Qb6 11. Bd3 a6 12. Qc7 Qxc7 13. Nxc7 Ra7 14. f4 d6 15. N7b5 axb5 16. Nxb5 Ra4 17. Nxd6 Rd8 18. e5 Rxf4 19. Nxc8 Nxe5 20. Nb6 Rb4 21. Nc4 Nxc4 22. a3 Ra4 23. b3 Rxa3 24. Rd1 Nb2 25. Bxh7+ Kxh7 26. Rb1 Rd1+ 27. Rxd1 Nxd1 28. Kd2 Nf2 0-1

[Event "*** Titled Tuesday Blitz"]
[Site "Chess.com"]
[Date "2018.01.02"]
[Round "1"]
[White "DagurR"]
[Black "krzyzan94"]
[Result "0-1"]
[WhiteElo "2311"]
[BlackElo "2605"]
[TimeControl "180+2"]
[EndTime "13:06:09 PST"]
[Termination "krzyzan94 won by resignation"]

1. b3 d5 2. Bb2 Nc6 3. Nf3 Nf6 4.
e3 a6 5. c4 e6 6. d3 Bb4+ 7. Nbd2 O-O 8. Be2 Qe7 9. a3 Bd6 10.
O-O b5 11. d4 bxc4 12. bxc4 dxc4 13. Nxc4 a5 14. Qc2 Bb7 15. e4 Bf4 16. Rfd1 Rfd8 17. d5 exd5 18. exd5 Rxd5 19. Rxd5 Nxd5 20. Rd1 Nf6 21.
g3 Bh6 22. Nh4 Re8 23. Bd3 g6 24. Ng2 Bg7 25. Nce3 Ne5 26. Bf1 Nf3+ 27. Kh1 Ne4 28. Bxg7 Kxg7 29. Bb5 Rd8 30. Rc1 Rd2 0-1

[Event "*** Titled Tuesday Blitz"]
[Site "Chess.com"]
[Date "2018.01.02"]
[Round "1"]
[White "chito89"]
[Black "FrankieJay"]
[Result "1-0"]
[WhiteElo "2593"]
[BlackElo "2304"]
[TimeControl "180+2"]
[EndTime "13:06:10 PST"]
[Termination "chito89 won by resignation"]

1. d4 Nf6 2. c4 g6 3. Nf3 Bg7 4. g3 O-O 5. Bg2 c6 6. O-O d5 7. Qb3 Qb6 8. Nc3 Be6 9. Ng5 dxc4 10. Qa4 Bd5 11. e4 h6 12. exd5 hxg5 13. dxc6 Nxc6 14. d5 Ne5 15. Be3 Qxb2 16. Bd4 Ned7 17. Rab1 b5 18. Nxb5 Qd2 19. Rfd1 Qe2 20. Nc3 Qg4 21. Qxc4 Rac8 22. Qa6 Nc5 23. Qxa7 1-0

[Event "*** Titled Tuesday Blitz"]
[Site "Chess.com"]
[Date "2018.01.02"]
[Round "1"]
[White "Bryakin_Mikhail"]
[Black "pandamaster3000"]
[Result "1-0"]
[WhiteElo "2542"]
[BlackElo "2259"]
[TimeControl "180+2"]
[EndTime "13:06:17 PST"]
[Termination "Bryakin_Mikhail won by resignation"]

1. d4 Nf6 2. c4 g6 3. Nc3 Bg7 4. e4 d6 5. h3 O-O 6. Be3 e5 7. d5 a5 8. g4 Na6 9. Nf3 Nd7 10.
g5 Ndc5 11. Be2 c6 12. Qd2 cxd5 13. cxd5 Bd7 14. Nh2 b5 15. f3 b4 16. Nd1 Qb8 17. Ng4 Bb5 18. Ndf2 Bxe2 19. Qxe2 Qb7 20. Nf6+ Kh8 21.
N2g4 Rab8 22. h4 Bxf6 23. Nxf6 Nd7 24. h5 Qb5 25. Qxb5 Rxb5 26. Nxd7 Rc8 27. Nf6 h6 28. hxg6 fxg6 29. Rxh6+ Kg7 30. Rh7+ Kf8 31. Rh8+ 1-0

[Event "*** Titled Tuesday Blitz"]
[Site "Chess.com"]
[Date "2018.01.02"]
[Round "1"]
[White "windking123"]
[Black "Aleksey_Sorokin"]
[Result "0-1"]
[WhiteElo "2410"]
[BlackElo "2775"]
[TimeControl "180+2"]
[EndTime "13:06:18 PST"]
[Termination "Aleksey_Sorokin won by resignation"]

1. Nf3 Nf6 2. c4 g6 3. g3 Bg7 4. Bg2 O-O 5. O-O d5 6. cxd5 Nxd5 7. d4 Nb6 8. Nc3 Nc6 9. d5 Na5 10. e4 c6 11. dxc6 Nxc6 12. Qe2 Bg4 13. Be3 Nd4 14.
Bxd4 Bxd4 15. Rfd1 e5 16. h3 Bxf3 17. Bxf3 a6 18.
Kg2 Qe7 19. Nd5 Nxd5 20. exd5 Qb4 21. a3 Qb6 22. Rd2 Rac8 23. Rad1 a5 24. Be4 Rfe8 25. f4 Be3 26. Rd3 exf4 27. Bf3 Bc1 28. Qf1 Qxb2+ 29.
Kh1 fxg3 30. Bg2 Re2 31. d6 Rf2 32. d7 Rxf1+ 33. Rxf1 Rd8 34. Re1 Bg5 35. Rxg3 Bh4 36. Re8+ Kg7 37. Rg4 Bf6 38. Rxd8 Bxd8 39. Re4 Qc1+ 40.
Kh2 Bc7+ 0-1

[Event "*** Titled Tuesday Blitz"]
[Site "Chess.com"]
[Date "2018.01.02"]
[Round "1"]
[White "NTBT_DHS"]
[Black "SquashMaestro"]
[Result "1-0"]
[WhiteElo "2535"]
[BlackElo "2253"]
[TimeControl "180+2"]
[EndTime "13:06:18 PST"]
[Termination "NTBT_DHS won by resignation"]

1. d4 d5 2. c4 c6 3. Nf3 Nf6 4. Nc3 g6 5. cxd5 Nxd5 6. e4 Nc7 7. Bc4 Bg7 8. h4 h5 9. Be3 O-O 10. Ng5 b5 11. Bb3 a5 12. a4 b4 13. Ne2 Nd7 14. Rc1 Nf6 15. Nf4 e6 16. e5 Nfd5 17. Nxh5 gxh5 18. Qxh5 Re8 19. Qxf7+ Kh8 20. Qh5+ Kg8 21. Qh7+ Kf8 22. Rh3 Re7 23. Rf3+ Ke8 24. Ne4 Na6 25. Rxc6 Kd7 26. Rd6+ Kc7 27. Rxd8 Kxd8 28. Bxd5 exd5 29. Qg8+ Kc7 30. Qxd5 Bb7 31. Qd6+ 1-0

[Event "*** Titled Tuesday Blitz"]
[Site "Chess.com"]
[Date "2018.01.02"]
[Round "1"]
[White "Squirlolz"]
[Black "Saitama_Hero"]
[Result "1-0"]
[WhiteElo "2480"]
[BlackElo "2161"]
[TimeControl "180+2"]
[EndTime "13:06:18 PST"]
[Termination "Squirlolz won by resignation"]

1. e4 c5 2. Nc3 Nc6 3. Bb5 e6 4. Bxc6 bxc6 5. d3 d5 6. f4 Nf6 7. e5 Nd7 8. Nf3 Rb8 9. O-O Be7 10. b3 O-O 11. Na4 Nb6 12. Nb2 Ba6 13. c4 Qc7 14. Be3 Rfd8 15. Qe2 g6 16. Qf2 Nd7 17. Na4 Qa5 18. Rac1 d4 19. Bd2 Qc7 20. Ng5 Nb6 21.
Ba5 Qd7 22. Ne4 Nxa4 23. Bxd8 Bxd8 24. bxa4 Kg7 25. Rb1 Rxb1 26. Rxb1 Be7 27. Rb8 Qc7 28. Qb2 Bc8 29. h3 h6 30. Ra8 Bd7 31. Qb8 Qxb8 32.
Rxb8 1-0

[Event "*** Titled Tuesday Blitz"]
[Site "Chess.com"]
[Date "2018.01.02"]
[Round "1"]
[White "RoelandPruijssers"]
[Black "arna"]
[Result "1-0"]
[WhiteElo "2470"]
[BlackElo "2122"]
[TimeControl "180+2"]
[EndTime "13:06:18 PST"]
[Termination "RoelandPruijssers won by resignation"]

1. e4 c5 2. Nf3 Nc6 3. d4 cxd4 4. Nxd4 e5 5. Nb5 d6 6. N1c3 a6 7. Na3 Be6 8. Nc4 b5 9. Ne3 Nf6 10. Ned5 b4 11. Nxf6+ gxf6 12. Nd5 Bxd5 13. Qxd5 Qc7 14. Be3 Rg8 15. g3 a5 16. Bb5 Rc8 17. O-O-O Be7 18. Rd2 Rg6 19. Rhd1 Kf8 20. Kb1 Nd8 21. Ba4 Ne6 22.
f4 Nc5 23. f5 Rg4 24. Bb3 Bd8 25. Bxc5 dxc5 26. Qc4 Kg7 27. Rd7 1-0

[Event "*** Titled Tuesday Blitz"]
[Site "Chess.com"]
[Date "2018.01.02"]
[Round "1"]
[White "viktorskliarov"]
[Black "sandager"]
[Result "1-0"]
[WhiteElo "2429"]
[BlackElo "1970"]
[TimeControl "180+2"]
[EndTime "13:06:19 PST"]
[Termination "viktorskliarov won by resignation"]

1. e4 e5 2. Nc3 Nf6 3. Bc4 Bc5 4. d3 O-O 5. h3 h6 6. Nge2 a6 7. Ng3 c6 8. O-O d5 9. Bb3 Be6 10. Qf3 d4 11. Nce2 Nbd7 12. Nf5 Bxf5 13. Qxf5 Kh8 14. Ng3 Nh7 15. f4 Qh4 16. Qxd7 Qxg3 17. fxe5 Qxe5 18. Qxb7 Rab8 19. Qd7 Rbd8 20. Qf5 Qe7 21. Bf4 g6 22. Qg4 Ng5 23. h4 Ne6 24. Bxh6 f5 25. Qxg6 Rg8 26. Qxe6 Qxe6 27. Bxe6 Rg6 28. Bg5 1-0

[Event "*** Titled Tuesday Blitz"]
[Site "Chess.com"]
[Date "2018.01.02"]
[Round "1"]
[White "oskariot"]
[Black "Elshan1985"]
[Result "1-0"]
[WhiteElo "2397"]
[BlackElo "2665"]
[TimeControl "180+2"]
[EndTime "13:06:25 PST"]
[Termination "oskariot won by resignation"]

1. e4 e5 2. Nf3 Nc6 3. Bb5 a6 4. Ba4 Nf6 5. O-O Be7 6. Re1 b5 7. Bb3 O-O 8. a4 b4 9. d4 d6 10. dxe5 dxe5 11. Qxd8 Rxd8 12. Nbd2 Bg4 13. a5 Rab8 14.
Bc4 Ra8 15. h3 Bh5 16. Nb3 Bd6 17. Bg5 Bxf3 18. gxf3 Ne7 19. f4 Ng6 20. f5 Ne7 21. Bxf6 gxf6 22. Kg2 Kf8 23. Kf3 Ra7 24. Rg1 Nc6 25.
Rg4 Ke7 26. Rg7 Rf8 27. Rd1 Nd8 28. Rxh7 Rg8 29. h4 Ra8 30. h5 Rf8 31. Rg7 c6 32. h6 Nb7 33. h7 Bc7 34. h8=Q 1-0

[Event "*** Titled Tuesday Blitz"]
[Site "Chess.com"]
[Date "2018.01.02"]
[Round "1"]
[White "Caterpiller35"]
[Black "gmjlh"]
[Result "1/2-1/2"]
[WhiteElo "2315"]
[BlackElo "2590"]
[TimeControl "180+2"]
[EndTime "13:06:28 PST"]
[Termination "Game drawn by agreement"]

1. d4 Nf6 2. Bg5 e6 3. Nf3 h6 4.
Bf4 d5 5. e3 Bd6 6. Bg3 O-O 7.
Nbd2 c5 8. c3 Qc7 9. Bd3 Nbd7 10. O-O Bxg3 11. hxg3 e5 12. dxe5 Nxe5 13. Nxe5 Qxe5 14.
Qc2 Ng4 15. Be2 Qh5 16. Bxg4 Bxg4 17. Qb3 b6 18. a4 Be2 19. Rfe1 Bd3 20. a5 b5 21. Qa3 Rac8 22. Nb3 c4 23. Nd4 a6 24. Qd6 Qg6 25. Qb6 Rb8 26. Qc5 Rbd8 27. Nc6 Qd6 28. Qxd6 Rxd6 29. Nb4 Bf5 30. Rad1 Rfd8 31. Rd4 Be6 32. Red1 f5 33. Kf1 Kf7 34. Ke2 Ke7 35.
f3 h5 36. Kf2 g6 37. Rh1 Bf7 1/2-1/2

[Event "*** Titled Tuesday Blitz"]
[Site "Chess.com"]
[Date "2018.01.02"]
[Round "1"]
[White "jbj"]
[Black "pultineviciuspaulius"]
[Result "0-1"]
[WhiteElo "2237"]
[BlackElo "2526"]
[TimeControl "180+2"]
[EndTime "13:06:30 PST"]
[Termination "pultineviciuspaulius won by resignation"]

1. e4 c6 2. d4 d5 3. Nc3 dxe4 4. Nxe4 Nf6 5. Ng3 g6 6. Nf3 Bg7 7. Bc4 O-O 8. O-O Bg4 9. c3 Nbd7 10. h3 Bxf3 11. Qxf3 e5 12. Rd1 exd4 13. Rxd4 Ne5 14. Qe2 Qc7 15. Bf4 Rfe8 16. Re1 Nf3+ 17. gxf3 Rxe2 18. Bxc7 Rxe1+ 19. Kg2 Nd5 20. Rxd5 cxd5 21. Bxd5 Re7 22. Ba5 Rc8 23. Bb4 Rd7 24. Bb3 Rd2 25. Ne4 Rxb2 26. Nd6 Rc7 27. Nb5 Rd7 28. Nxa7 Rdd2 29. Bc5 Bxc3 30. Nb5 Bf6 31. Be3 Re2 32. Kg3 Rxb3 33. axb3 Rb2 34. Nc7 Rxb3 35. Nd5 Bd8 36. Kf4 b5 37. Bc5 Ba5 38. Ne7+ Kg7 39. Nc6 Bd2+ 40.
Kg3 b4 41. Bd4+ Kf8 42. Bc5+ Ke8 43. Nd4 Rb1 44. f4 b3 45. Kf3 b2 46. Ba3 Bc3 47. Ne2 Ra1 0-1

[Event "*** Titled Tuesday Blitz"]
[Site "Chess.com"]
[Date "2018.01.02"]
[Round "1"]
[White "TregubovP"]
[Black "Pakarma"]
[Result "1-0"]
[WhiteElo "2514"]
[BlackElo "2221"]
[TimeControl "180+2"]
[EndTime "13:06:32 PST"]
[Termination "TregubovP won by resignation"]

1. d4 Nf6 2. c4 g6 3. g3 Bg7 4.
Bg2 d6 5. Nc3 O-O 6. Nf3 Nbd7 7.
O-O e5 8. e4 a6 9. d5 b5 10.
cxb5 axb5 11. Ne1 b4 12. Na4 Ba6 13. f3 Bxf1 14. Bxf1 Ne8 15. Nd3 Rb8 16. Bd2 f5 17.
Nxb4 Qf6 18. Nc6 Ra8 19. Bd3 Nc5 20. Nxc5 dxc5 21. Be3 Nd6 22. Bxc5 fxe4 23. fxe4 Bh6 24. Qe2 Qg5 25. a3 Rf7 26. Kg2 Qd2 27. Qxd2 Bxd2 28. Nxe5 Re7 29. Nf3 Rxe4 30. Nxd2 Re5 31. Bxd6 cxd6 32.
Nc4 Re7 33. a4 Ra6 34. b4 1-0

[Event "*** Titled Tuesday Blitz"]
[Site "Chess.com"]
[Date "2018.01.02"]
[Round "1"]
[White "EndgameGrinder"]
[Black "GremioPrudente"]
[Result "1-0"]
[WhiteElo "2447"]
[BlackElo "2051"]
[TimeControl "180+2"]
[EndTime "13:06:33 PST"]
[Termination "EndgameGrinder won by checkmate"]

1. e4 e6 2. d4 d5 3. Nd2 Nf6 4. e5 Nfd7 5. Bd3 c5 6. c3 Nc6 7.
Ne2 Qb6 8. Nf3 cxd4 9. cxd4 f6 10.
exf6 Nxf6 11. O-O Bd6 12. b3 O-O 13. Bb2 Bd7 14. Nc3 Rae8 15. Na4 Qd8 16. Ne5 Ne7 17. Nc5 Bxc5 18. dxc5 Nc6 19. f4 g6 20. Ng4 Nxg4 21.
Qxg4 e5 22. Qg3 exf4 23. Rxf4 Rxf4 24. Qxf4 Rf8 25. Qg3 Qe7 26. Bxg6 Qxc5+ 27. Kh1 Qf2 28. Bxh7+ Kxh7 29. Qg7# 1-0